 Dungeon Crawl Stone Soup version 0.18-a0-49-gd105b5a (webtiles) character file.

177 Duffy the Conjurer (level 5, -1/28 HPs)
             Began as a Gargoyle Fire Elementalist on Nov 6, 2015.
             Was a Follower of Makhleb.
             Slain by Menkaure (13 damage)
             ... on level 3 of the Dungeon.
             The game lasted 00:05:39 (3203 turns).

Duffy the Conjurer (Gargoyle Fire Elementalist)     Turns: 3203, Time: 00:05:40

Health: -1/28      AC: 11    Str: 11    XL:     5   Next: 57%
Magic:  1/9        EV: 12    Int: 16    God:    Makhleb [*.....]
Gold:   77         SH:  0    Dex: 11    Spells: 3 memorised, 2 levels left

rFire  . . .     SeeInvis .     m - +0 dagger
rCold  . . .     Clarity  .     a - +0 robe
rNeg   + . .     SustAt   .     (no shield)
rPois  ∞         Gourm    .     (no helmet)
rElec  +         Spirit   .     x - +2 cloak
rCorr  .         Warding  .     k - +0 pair of gloves
rMut   .         Stasis   .     q - +0 pair of boots
MR     .....                    (no amulet)
Stlth  ++........               l - +5 ring of slaying
                                (no ring)

@: very slightly contaminated, not resistant to hostile enchantments, unstealthy
A: negative energy resistance 1, electricity resistance, unbreathing,
petrification resistance, rot immunity, AC +4
a: Renounce Religion


You were on level 3 of the Dungeon.
You worshipped Makhleb.
Makhleb was aware of your devotion.
You were hungry.

You visited 1 branch of the dungeon, and saw 4 of its levels.

You collected 77 gold pieces.


Innate Abilities, Weirdness & Mutations

You are resistant to torment.
Your stone body is resilient (AC +4).
You are immune to poison.
You resist negative energy.
You are resistant to electric shocks.
You can survive without breathing.
You are immune to petrification.
You are immune to rotting.


   Skills:
 - Level 1.5 Dodging
 - Level 2.1 Stealth
 - Level 3.0 Spellcasting
 + Level 4.1 Conjurations
 + Level 4.0 Fire Magic


You had 2 spell levels left.
You knew the following spells:

 Your Spells              Type           Power        Failure   Level  Hunger
a - Flame Tongue          Conj/Fire      ###..        4%          1    #......
c - Conjure Flame         Conj/Fire      ###.....     12%         3    ###....
s - Sticky Flame          Conj/Fire      ###.....     38%         4    #####..

Inventory:

Hand Weapons
 m - a +0 dagger (weapon)
 B - a +0 scimitar
Missiles
 i - 119 stones (quivered)
 p - 4 tomahawks of returning
Armour
 a - a +0 robe (worn)
 k - a +0 pair of gloves (worn)
 q - a +0 pair of boots (worn)
 x - a +2 cloak (worn)
Magical Staves
 r - an uncursed staff of wizardry
Jewellery
 d - an uncursed ring of teleportation
 l - a +5 ring of slaying (right hand)
Wands
 A - a wand of cold (11)
Scrolls
 f - 3 scrolls of recharging
 j - a scroll of blinking
 o - a scroll of immolation
 s - a scroll of enchant armour
 v - a scroll of identify
 w - a scroll of magic mapping {unknown}
 y - a scroll of noise {unknown}
 z - a scroll of fog {unknown}
Potions
 e - a potion of flight
 g - a potion of heal wounds
 h - a potion of curing
Books
 b - a book of Flames
Comestibles
 c - 4 bread rations
 n - 4 meat rations
 t - 4 chunks of flesh
 u - a slice of pizza

Dungeon Overview and Level Annotations

Branches:
Dungeon (4/15)
 Temple: D:4-7

Altars:
Elyvilon
Makhleb
Trog
Xom
Yredelemnul

Annotations:
D:3 Menkaure


Message History

An ogre comes into view. It is wielding a giant club.
The ogre moves out of view.
Found a potion of poison.
There is a stone staircase leading up here.
The ogre shouts!
Menkaure completely misses you.
Some of the chunks of flesh in your inventory have rotted away.
You climb upwards.
There is a stone staircase leading down here.
Cast which spell? (? or * to list)
Aiming: Sticky Flame
Press: ? - help, Shift-Dir - straight line, f - Menkaure
Aim: Menkaure You miscast Sticky Flame.
You are very lightly contaminated with residual magic.
Your skin glows momentarily.
Menkaure barely misses you.
Cast which spell? (? or * to list)
Aiming: Sticky Flame
Press: ? - help, Shift-Dir - straight line, f/p - Menkaure
Aim: Menkaure You miscast Sticky Flame.
You are blasted with fire.
Ouch! That really hurt!
You are feeling hungry.
Menkaure completely misses you.
You are too injured to fight recklessly!
You hit Menkaure.
Menkaure is lightly damaged.
You hit Menkaure.
Menkaure is lightly damaged.
Menkaure gestures at you while chanting.
Pain shoots through your body!
You hit Menkaure but do no damage.
Menkaure is lightly damaged.
Menkaure hits you!
You die...

######## #.......
######.######
#....#.#
######....#.#
#@M.........#
#.####......#
#########
#.####....########
#.......#
#.........##⌠__.##
#.#####.#
#.........#.....##
#.# #.#
#.####....###..###
#.# #.#####
#....#_.....# #.#
#.....#
########..###
#.#########.#
#_..).##


You could see Menkaure.

Action                   |  1- 3 |  4- 6 || total
-------------------------+-------+-------++-------
Melee: Unarmed           |     2 |       ||     2
       Dagger            |    64 |   130 ||   194
 Cast: Flame Tongue      |    17 |    26 ||    43
  Use: Scroll            |     4 |     6 ||    10
 Stab: Sleeping          |     2 |       ||     2
       Distracted        |       |     1 ||     1
  Eat: Chunk             |     1 |     7 ||     8

Notes
Turn   | Place    | Note
--------------------------------------------------------------
     0 | D:1      | Duffy the Gargoyle Fire Elementalist began the quest for the Orb.
     0 | D:1      | Reached XP level 1. HP: 10/10 MP: 3/3
   274 | D:1      | Reached skill level 2 in Conjurations
   286 | D:1      | Reached XP level 2. HP: 12/15 MP: 0/5
   832 | D:1      | Reached skill level 3 in Conjurations
   858 | D:1      | Reached XP level 3. HP: 19/19 MP: 6/6
   934 | D:2      | Learned a level 3 spell: Conjure Flame
  1279 | D:2      | Reached XP level 4. HP: 24/24 MP: 5/7
  2368 | D:3      | Reached skill level 4 in Fire Magic
  2399 | D:3      | Found a shimmering altar of Xom.
  2401 | D:3      | Found a burning altar of Makhleb.
  2401 | D:3      | Found a bloodstained altar of Trog.
  2403 | D:3      | Found a basalt altar of Yredelemnul.
  2405 | D:3      | Found a white marble altar of Elyvilon.
  2410 | D:3      | Became a worshipper of Makhleb the Destroyer
  2488 | D:3      | Reached skill level 4 in Conjurations
  2597 | D:3      | Reached XP level 5. HP: 28/28 MP: 3/8
  2654 | D:3      | Learned a level 4 spell: Sticky Flame
  3040 | D:3      | Reached * piety under Makhleb
  3144 | D:3      | Reached skill level 3 in Spellcasting
  3190 | D:4      | Noticed Menkaure
  3192 | D:4      | Noticed an ogre
  3193 | D:4      | Noticed an ogre
  3203 | D:3      | Slain by Menkaure

Vault maps used:
D:1:      dpeg_arrival_more_subterranean_lakeside_camping
D:2:      first_bread, kennysheep_minor_cross
D:3:      minitemple, grunt_ministairs_13
D:4:      lemuel_doored_altar, minmay_temple_entry_mist, uniq_menkaure

Vanquished Creatures
  An orc priest
  5 adders
  4 oozes
  2 worms
  2 giant geckos
  8 orcs
  A ball python
  3 giant cockroaches
  10 hobgoblins
  4 jackals
  6 kobolds
  8 bats
  3 giant newts
  7 goblins
  8 rats
72 creatures vanquished.
